 Dungeon Crawl Stone Soup version 0.30.0-29-ga12c61a403 (webtiles) character file.

Game seed: 11788750788536877804

135 McKennaii the Trooper (level 4, -17/37 HPs)
             Began as a Demonspawn Fighter on June 4, 2023.
             Demolished by an ogre
             ... wielding a +0 giant club
              (28 damage)
             ... on level 4 of the Dungeon.
             The game lasted 00:02:41 (2226 turns).

McKennaii the Trooper (Demonspawn Fighter)          Turns: 2226, Time: 00:02:42

Health: -17/37     AC:  6    Str: 18    XL:     4   Next: 96%
Magic:  4/4        EV:  9    Int:  9    God:
Gold:   150        SH:  9    Dex: 13    Spells: 3/3 levels left

rFire   . . .        a - +0 trident
rCold   . . .        c - +0 buckler
rNeg    . . .        b - +0 scale mail
rPois   .            (helmet restricted)
rElec   .            (no cloak)
rCorr   .            (no gloves)
SInv    .            (no boots)
Will    .....        (no amulet) Stlth
                     (no ring)
HPRegen 0.26/turn    (no ring)
MPRegen 0.09/turn

%: no passive effects
@: no status effects
A: horns 1, condensation shield, demonic magic 1
a: no special abilities


You were on level 4 of the Dungeon.
You visited 1 branch of the dungeon, and saw 4 of its levels.

You collected 150 gold pieces.

Inventory:

Hand Weapons
 a - a +0 trident (weapon)
Armour
 b - a +0 scale mail (worn)
 c - a +0 buckler (worn)
Jewellery
 k - a ring of ice
Wands
 m - a wand of light (6)
Scrolls
 f - 3 scrolls of identify {unknown}
 g - a scroll of noise {unknown}
 h - a scroll of blinking {unknown}
 i - a scroll of teleportation {unknown}
 j - 3 scrolls of vulnerability {unknown}
 l - a scroll of amnesia {unknown}
 n - a scroll of immolation {unknown}
 q - a scroll of summoning {unknown}
Potions
 d - 2 potions of might
 e - a potion of curing {unknown}
 o - 2 potions of magic {unknown}
 p - a potion of invisibility {unknown}
 r - a potion of cancellation {unknown}


   Skills:
 + Level 3.7 Fighting
 + Level 2.7 Polearms
 + Level 3.5 Armour
 + Level 3.4 Shields


You had 3 spell levels left.
You didn't know any spells.
Your spell library contained the following spells:

 Spells                   Type           Power      Damage    Failure   Level
 Sting                    Tmut/Pois      0%         1d3       85%         1
 Poisonous Vapours        Pois/Air       0%         N/A       94%         2
 Call Canine Familiar     Summ           0%         N/A       99%         3
 Portal Projectile        Hex/Tloc       0%         N/A       99%         3
 Leda's Liquefaction      Hex/Erth       0%         N/A       100%        4
 Olgreb's Toxic Radiance  Pois           0%         N/A       100%        4
 Malign Gateway           Summ/Tloc      0%         N/A       100%        7
 Summon Horrible Things   Summ           0%         N/A       100%        8


Dungeon Overview and Level Annotations

Branches:
Dungeon (4/15)
 Temple: D:4-7

Altars:
Cheibriados
Nemelex Xobeh
Sif Muna
Xom

Annotations:
D:3 2 transporters, hitsuchi's ghost, amateur OpVM
D:4 Robin


Innate Abilities, Weirdness & Mutations

You have a pair of small horns on your head.
A meltable shield of frost defends you. (SH +4)
Spells you cast may paralyse adjacent enemies.


Message History

There is a stone staircase leading up here.
You see here a +1 falchion of draining.
Found a robe.
No target in view!
r - an amethyst potion No target in view!
You now have 150 gold pieces (gained 14).
You open the door.
There is an open door here.
Key pressed, stopping explore.
No target in view!
No target in view!
o - 2 brown potions (gained 1)
f - 3 scrolls labelled FAFFOOMEUX (gained 1)
An ogre comes into view. It is wielding a +0 giant club.
The ogre shouts!
You reach to attack!
You completely miss the ogre.
An ogre is nearby!
You hit the ogre.
The ogre is moderately wounded.
The ogre misses you.
An ogre is nearby!
You hit the ogre.
You headbutt the ogre, but do no damage.
The ogre is moderately wounded.
The ogre hits you with a +0 giant club!
You hit the ogre but do no damage.
The ogre is moderately wounded.
You block the ogre's attack.
You barely miss the ogre.
The ogre is moderately wounded.
The ogre hits you with a +0 giant club!
* * * LOW HITPOINT WARNING * * *
You are too injured to fight recklessly!
You are too injured to fight recklessly!
You barely miss the ogre.
The ogre is moderately wounded.
The ogre hits you with a +0 giant club!!
Ouch! That really hurt!
You die...

###.#.# ## #.#.#...
#####'#+#.# #.........#
#.........#
.############........##
.....................+
.....................##.
.......@................
.......O#####.........##
...####.. #####+#+#.# .
.... .# ...... #
........ .........#
.....?....#


You could see an ogre.

Vanquished Creatures
  An orc priest (D:2)
  4 adders
  A worm (D:2)
  3 orcs (D:2)
  9 endoplasms
  A giant cockroach (D:2)
  12 goblins
  4 hobgoblins
  3 kobolds
  4 quokkas
  4 ball pythons
  6 bats
  4 frilled lizards
  6 rats
62 creatures vanquished.

Notes
Turn   | Place    | Note
-------+----------+-------------------------------------------
     0 | D:1      | McKennaii the Demonspawn Fighter began the quest for the
                  | Orb.
     0 | D:1      | Reached XP level 1. HP: 18/18 MP: 1/1
   222 | D:1      | Gained mutation: You have a pair of small horns on your
                  | head. [demonic ancestry]
   222 | D:1      | Reached XP level 2. HP: 24/24 MP: 2/2
   380 | D:1      | Found a faded altar of an unknown god.
   926 | D:2      | Gained mutation: Spells you cast may paralyse adjacent
                  | enemies. [demonic ancestry]
   926 | D:2      | Reached XP level 3. HP: 29/29 MP: 3/3
  1150 | D:2      | Gained mutation: A meltable shield of frost defends you.
                  | (SH +4) [demonic ancestry]
  1150 | D:2      | Reached XP level 4. HP: 12/36 MP: 4/4
  1337 | D:2      | Found a sparkling altar of Nemelex Xobeh.
  1629 | D:3      | Found a transporter.
  1645 | D:3      | Noticed an ogre
  1645 | D:3      | Noticed hitsuchi's ghost (amateur OpVM)
  1648 | D:3      | Identified the +10 great mace "Opeaz" {heavy, Dex+7}
  1648 | D:3      | Noticed an ogre
  1705 | D:3      | Found a shimmering altar of Xom.
  1781 | D:3      | Found a shimmering blue altar of Sif Muna.
  1781 | D:3      | Found a snail-covered altar of Cheibriados.
  2087 | D:3      | Found a transporter.
  2149 | D:4      | Noticed Robin
  2220 | D:4      | Noticed an ogre
  2226 | D:4      | Demolished by an ogre

Illustrated notes

Levels and vault maps discovered:
D:1:      lemuel_arrival_hallway, layout_basic, serial_glass, glass_columns_a,
          glass_columns_a, glass_columns_a, glass_columns_b,
          dreamdust_ecumenical_altar_grove, minmay_hedge_maze
D:2:      layout_basic, basic_altar
D:3:      layout_rooms, nicolae_overflow_two_pavilions, tgw_xom,
          gammafunk_ghost_smash
D:4:      layout_basic, lemuel_round_altar, minmay_temple_entry_purple_smoke,
          chequers_serial_rivers_small_3, uniq_robin

Skill      XL: |  1  2 |
---------------+-------+-----
Polearms       | 2 |  2.7
Shields        | 3 |  3.4
Armour         | 3 |  3.5
Fighting       | |  3.7

Action                     |  1- 3 |  4- 6 || total
---------------------------+-------+-------++-------
  Melee: Trident           |    87 |    90 ||   177
         Headbutt          |     5 |     8 ||    13
 Armour: Scale mail        |    25 |    25 ||    50
  Dodge: Dodged            |    26 |    28 ||    54
  Block: Buckler           |    12 |    44 ||    56
